 Dungeon Crawl Stone Soup version 0.24-a0-317-g5cb8de4b22 (webtiles) character file.

Game seed: 509520945336355523

182 Findor the Cudgeler (level 5, 0/50 HPs)
             Began as an Ogre Gladiator on May 16, 2019.
             Was an Initiate of Okawaru.
             Succumbed to an adder's poison
             ... on level 3 of the Dungeon.
             The game lasted 00:04:22 (3239 turns).

Findor the Cudgeler (Ogre Gladiator)                Turns: 3239, Time: 00:04:22

Health: 0/50       AC:  6    Str: 22 (24) XL:     5   Next: 62%
Magic:  4/5        EV: 10    Int:  9 (11) God:    Okawaru [......]
Gold:   94         SH:  0    Dex:  7 (10) Spells: 4/4 levels left

rFire    . . .     SeeInvis .   a - +0 flail
rCold    . . .     Gourm    .   (no shield)
rNeg     . . .     Faith    .   b - +0 robe
rPois    .         Spirit   +   c - +1 hat
rElec    .         Reflect  .   (no cloak)
rCorr    .         Harm     .   (gloves unavailable)
MR       .....                  (boots unavailable)
Stlth    +.........             q - amulet of guardian spirit
HPRegen  0.16/turn              n - +2 ring of intelligence
MPRegen  0.09/turn              (no ring)

@: mighty, lethally poisoned (0 -> -4), very slightly contaminated
A: large, unfitting armour, slimy green scales 1, blink, blurry vision 1, tough
skin 1, MP-powered wands
a: Blink, Renounce Religion


You were on level 3 of the Dungeon.
You worshipped Okawaru.
Okawaru was noncommittal.
You were not hungry.

You visited 1 branch of the dungeon, and saw 3 of its levels.

You collected 94 gold pieces.


Innate Abilities, Weirdness & Mutations

You are too large for most types of armour.
You have tough skin. (AC +1)
You are partially covered in slimy green scales. (AC +2)
You can translocate small distances at will.
Scrolls take you a little longer to read.
You expend magic power (3 MP) to strengthen your wands.


   Skills:
 - Level 2.6 Fighting
 * Level 5.6 Maces & Flails
 - Level 2.0 Throwing
 - Level 2.6 Dodging


You had 4 spell levels left.
You didn't know any spells.
Your spell library was empty.

Inventory:

Hand Weapons
 a - a +0 flail (weapon)
Missiles
 d - 2 throwing nets (quivered) {!f}
Armour
 b - a +0 robe (worn)
 c - a +1 hat (worn)
Jewellery
 l - an uncursed amulet of the acrobat
   (You took it off a goblin on level 2 of the Dungeon)
 n - a +2 ring of intelligence (left hand)
   (You found it on level 2 of the Dungeon)
 q - an amulet of guardian spirit (around neck)
   (You found it on level 3 of the Dungeon)
 u - an uncursed ring of resist corrosion {unknown}
   (You found it on level 3 of the Dungeon)
Scrolls
 h - 2 scrolls of teleportation {unknown}
 i - 2 scrolls of enchant armour
 j - 5 scrolls of identify {unknown}
 o - a scroll of magic mapping {unknown}
 s - a scroll of remove curse {unknown}
Comestibles
 f - 3 rations
 r - 6 chunks of flesh


Message History

You close the door.
* * * LOW HITPOINT WARNING * * *
You feel sick.
You start resting.
* * * LOW HITPOINT WARNING * * *
You feel sick.
You start resting.
* * * LOW HITPOINT WARNING * * *
You feel sick.
It was a potion of cancellation.
Your magical effects are unravelling.
You feel magically purged.
You feel less wooden.
Your +0 hat unmelds from your body.
Your +0 robe unmelds from your body.
* * * LOW HITPOINT WARNING * * *
You feel sick.
It was a potion of might.
You feel very mighty all of a sudden.
* * * LOW HITPOINT WARNING * * *
You feel sick.
There is a lethal amount of poison in your body!
Unknown command.
You aren't carrying any potions.
Okay, then.
Okay, then.
You aren't carrying any items that you can evoke.
Unknown command.
You begin reading the scroll.
You continue reading the scroll.
* * * LOW HITPOINT WARNING * * *
You feel sick.
As you read the scroll labeled MOAWKEUREV, it crumbles to dust.
It is a scroll of enchant armour.
Your +0 hat glows green for a moment.
You begin reading the scroll.
You continue reading the scroll.
* * * LOW HITPOINT WARNING * * *
You feel sick.
Blink to where?
Press: ? - help, Dir - move target cursor You are very lightly contaminated with residual magic.
As you read the scroll labeled HONLIME KORA, it crumbles to dust.
It was a scroll of blinking.
You butcher the adder corpse.
* * * LOW HITPOINT WARNING * * *
You feel sick.
Things that are here:
2 chunks of flesh; an adder skeleton Unknown command.
There is a lethal amount of poison in your body!
Unknown command.
You die...

..##.##.##..##.... ....##........
..##.##.##..##.........#########.
....#..................# #.
#.##.##..........###...# ##
..##.##....###.##
...........###.##################
#......##....#...................
...######....#.####.####.####.###
..........÷..# #@.+.'..#.#..'.'..
...........### #..#.#..#.#..#.#..
.......÷..<# #.#+##.#'##.#+##.#+#
...........###...................
............##.#+##.#'##.#+##.#'#
............# #.#..#.# #.#..
#########...# #.#..+.+ #.#.)
#...# #.####.# #.### #.<.# ...
... ......


There were no monsters in sight!

Vanquished Creatures
  A jelly (D:3)
  3 gnolls (D:3)
  4 adders
  An ooze (D:3)
  4 dart slugs
  An orc (D:3)
  2 ball pythons
  10 hobgoblins
  3 quokkas
  9 bats
  7 frilled lizards
  10 goblins
  7 kobolds
  9 rats
71 creatures vanquished.

Notes
Turn   | Place    | Note
-------+----------+-------------------------------------------
     0 | D:1      | Findor the Ogre Gladiator began the quest for the Orb.
     0 | D:1      | Reached XP level 1. HP: 22/22 MP: 1/1
   198 | D:1      | Reached skill level 3 in Maces & Flails
   275 | D:1      | Reached XP level 2. HP: 23/29 MP: 2/2
   684 | D:1      | Reached XP level 3. HP: 34/36 MP: 3/3
  1224 | D:2      | Reached skill level 4 in Maces & Flails
  1677 | D:2      | Found an iron altar of Okawaru.
  1700 | D:2      | Became a worshipper of Warmaster Okawaru
  1746 | D:2      | Reached XP level 4. HP: 40/44 MP: 4/4
  2623 | D:3      | Reached skill level 5 in Maces & Flails
  2624 | D:3      | Reached XP level 5. HP: 37/50 MP: 3/5
  2658 | D:3      | HP: 9/50 [acid (4)]
  2659 | D:3      | HP: 4/50 [acid (5)]
  3222 | D:3      | Gained mutation: You can translocate small distances at
                  | will. [potion of mutation]
  3222 | D:3      | Gained mutation: You expend magic power (3 MP) to
                  | strengthen your wands. [potion of mutation]
  3222 | D:3      | Gained mutation: Scrolls take you a little longer to read.
                  | [potion of mutation]
  3222 | D:3      | Gained mutation: You are partially covered in slimy green
                  | scales. (AC +2) [potion of mutation]
  3222 | D:3      | HP: 10/50 [adder (1)]
  3227 | D:3      | HP: 10/75 [poisoned by an adder]
  3231 | D:3      | HP: 4/50 [poisoned by an adder]
  3236 | D:3      | HP: 2/50 [poisoned by an adder]
  3239 | D:3      | Succumbed to an adder's poison

Levels and vault maps discovered:
D:1:      lemuel_arrival_muddy, layout_basic
D:2:      layout_loops_corners, okawaru_trees_1
D:3:      minmay_door_path, layout_basic, first_ration, hangedman_decor_growths,
          moated_statue

Action                   |  1- 3 |  4- 6 || total
-------------------------+-------+-------++-------
Melee: Flail             |   144 |    90 ||   234
Throw: Throwing net      |       |     1 ||     1
  Use: Potion            |       |     5 ||     5
       Scroll            |       |     2 ||     2
 Stab: Sleeping          |     3 |       ||     3
  Eat: Chunk             |     3 |     5 ||     8
Armor: Robe              |    32 |    25 ||    57
       Skin              |       |     1 ||     1
Dodge: Dodged            |    82 |    41 ||   123
